 Dungeon Crawl Stone Soup version 0.29.1-4-g47bece8355 (webtiles) character file.

Game seed: 3569944059822977083

42 GigaChad the Covered (level 3, -3/33 HPs)
             Began as a Minotaur Fighter on Dec 7, 2022.
             Slain by a worm (4 damage)
             ... on level 2 of the Dungeon.
             The game lasted 00:01:06 (877 turns).

GigaChad the Covered (Minotaur Fighter)              Turns: 877, Time: 00:01:07

Health: -3/33      AC: 10    Str: 22    XL:     3   Next: 35%
Magic:  2/2        EV:  7    Int:  5    God:
Gold:   23         SH:  4    Dex:  9    Spells: 2/2 levels left

rFire   . . .      SeeInvis .   a - +0 war axe
rCold   . . .      Faith    .   c - +0 buckler
rNeg    . . .      Spirit   .   j - +1 chain mail
rPois   .          Reflect  .   (helmet restricted)
rElec   .          Harm     .   (no cloak)
rCorr   .          Rampage  .   (no gloves)
Will    .....                   (no boots)
Stlth   ..........              (no amulet)
HPRegen 0.11/turn               (no ring)
MPRegen 0.08/turn               (no ring)

@: no status effects
A: horns 2, retaliatory headbutt
a: no special abilities


You were on level 2 of the Dungeon.
You visited 1 branch of the dungeon, and saw 2 of its levels.

You collected 23 gold pieces.

Inventory:

Hand Weapons
 a - a +0 war axe (weapon)
Armour
 b - a +0 scale mail
 c - a +0 buckler (worn)
 j - a +1 chain mail (worn)
Scrolls
 g - 3 scrolls of torment {unknown}
 k - a scroll of blinking {unknown}
 l - a scroll of vulnerability {unknown}
 m - a scroll of noise {unknown}
 n - a scroll of identify {unknown}
Potions
 d - a potion of might
 e - a potion of invisibility {unknown}
 f - a potion of curing {unknown}
 h - a potion of ambrosia {unknown}
 i - a potion of lignification {unknown}


   Skills:
 + Level 4.0 Fighting
 + Level 3.0 Axes
 + Level 4.2 Armour
 + Level 4.2 Shields


You had 2 spell levels left.
You didn't know any spells.
Your spell library contained the following spells:

 Spells                   Type           Power      Damage    Failure   Level
 Freeze                   Ice            0%         1d3       99%         1
 Frozen Ramparts          Ice            0%         1d1       100%        3
 Hailstorm                Conj/Ice       0%         3d3       100%        4


Dungeon Overview and Level Annotations

Branches:
Dungeon (2/15)

Altars:


Innate Abilities, Weirdness & Mutations

You have a pair of horns on your head.
You reflexively headbutt those who attack you in melee.


Message History

The goblin is heavily wounded.
You hit the worm. You closely miss the kobold. You barely miss the hobgoblin.
You block the hobgoblin's attack.
The kobold hits you with a +0 short sword.
You block the goblin's attack.
The hobgoblin hits you but does no damage.
The kobold barely misses you. The worm bites you but does no damage.
The goblin hits you with a +0 club.
You barely miss the goblin.
The goblin is heavily wounded.
You barely miss the kobold. You hit the hobgoblin.
You kill the hobgoblin!
You hit the worm. The goblin hits you but does no damage.
The kobold hits you but does no damage. The worm closely misses you.
You closely miss the goblin.
The goblin is heavily wounded.
You barely miss the kobold. You hit the worm.
The goblin hits you with a +0 club. The kobold hits you but does no damage.
The goblin hits you but does no damage. The kobold hits you but does no damage.
The worm bites you but does no damage.
You closely miss the goblin.
You headbutt the goblin, but do no damage.
The goblin is heavily wounded.
You hit the worm. You barely miss the kobold. You block the kobold's attack.
The goblin hits you but does no damage.
You hit the goblin.
You kill the goblin!
You hit the worm. You closely miss the kobold.
The kobold hits you with a +0 short sword.
You block the worm's attack. The kobold hits you but does no damage.
Found a ring mail and a scroll labelled RACROTOIF YCHYCAU.
The worm bites you!
* * * LOW HITPOINT WARNING * * *
The kobold barely misses you.
Things that are here:
a +0 club; a +0 sling; a goblin corpse The kobold hits you with a +0 short sword.
* * * LOW HITPOINT WARNING * * *
The worm bites you.
You die...

........†...#)##### #.#
##†....##...#.#...## #.#
#........#.....#..#####)#
###[####...#..###....##.# #.#
##.##.##?##.#..#.# ##.#
#.....#.#.(.....# #..#
##..#.##.##.#..#.# #.##
#..##†#w..####...# #.#
#.##(.†)@...!##..# #.#
#..####K..####†.##
##.######..#.##.##.#..##
#.............#.#....#########
##..#######...##[##............
....# #....###....#########
##..#######.#...#...#.#
#............#....##(#
##..#######.###.......#


You could see a worm and a kobold.

Vanquished Creatures
  A gnoll (D:1)
  5 bats
  An endoplasm (D:1)
  4 goblins
  4 hobgoblins
  3 jackals (D:1)
  2 quokkas
  4 ball pythons (D:1)
  3 frilled lizards
  4 rats
31 creatures vanquished.

Notes
Turn   | Place    | Note
-------+----------+-------------------------------------------
     0 | D:1      | GigaChad the Minotaur Fighter began the quest for the Orb.
     0 | D:1      | Reached XP level 1. HP: 19/19 MP: 0/0
   199 | D:1      | Reached XP level 2. HP: 27/27 MP: 1/1
   652 | D:1      | Reached XP level 3. HP: 29/33 MP: 2/2
   877 | D:2      | HP: 1/33 [kobold/+0 short sword (1)]
   877 | D:2      | Slain by a worm

Illustrated notes

Levels and vault maps discovered:
D:1:      psy_arrival_radial01, layout_basic, serial_shops, shop,
          interstate_on_off
D:2:      layout_loops_ring, hellmonk_ecumenical_altar_heavens_door,
          minmay_fractal_squares_gapless_5, uniq_natasha

Skill      XL: |  1  2  3 |
---------------+----------+-----
Armour         | 4 |  4.2
Shields        | 4 |  4.2
Fighting       | 4 |  4.0
Axes           | 3 |  3.0

Action                   || total
-------------------------++-------
Melee: War axe           ||    57
       Headbutt          ||     8
  Use: Scroll            ||     1
Armor: Scale mail        ||    15
       Chain mail        ||    35
Dodge: Dodged            ||    23
Block: Buckler           ||    21
